 Dungeon Crawl Stone Soup version 0.29-a0-72-g1732ff48e7 (webtiles) character file.

Game seed: 7989113145036041820

1 Zonian the Magician (level 1, 0/15 HPs)
             Began as a Djinni Ice Elementalist on Feb 3, 2022.
             Slain by a jackal (3 damage)
             ... on level 1 of the Dungeon.
             The game lasted 00:00:12 (54 turns).

Zonian the Magician (Djinni Ice Elementalist)         Turns: 54, Time: 00:00:13

Health: 0/15       AC:  2    Str:  7    XL:     1   Next: 22%
Gold:   0          EV: 12    Int: 16    God:
                   SH:  0    Dex: 13

rFire   + + .      SeeInvis .   (no weapon)
rCold   x . .      Faith    .   (no shield)
rNeg    . . .      Spirit   .   a - +0 robe
rPois   ∞          Reflect  .   (no helmet)
rElec   .          Harm     .   (no cloak)
rCorr   .          Rampage  .   (no gloves)
Will    .....                   (boots unavailable)
Stlth   ++........              (no amulet)
HPRegen 0.05/turn               (no ring)
MPRegen 0.00/turn               (no ring)

@: flying
A: sickness immunity, fire resistance 2, cold vulnerability 1, float, innate
caster, HP casting, extra vitality 1
a: no special abilities


You were on level 1 of the Dungeon.
You visited 1 branch of the dungeon, and saw 1 of its levels.

Inventory:

Armour
 a - a +0 robe (worn)
Scrolls
 b - a scroll of fog {unknown}


   Skills:
 + Level 2.2 Dodging
 + Level 1.6 Stealth
 + Level 3.2 Spellcasting


You couldn't memorise any spells.
You knew the following spells:

 Your Spells              Type           Power      Damage    Failure   Level
a - Freeze                Ice            52%        1d7       4%          1
b - Frozen Ramparts       Ice            26%        1d4       14%         3
c - Ozocubu's Armour      Ice            13%        N/A       14%         3
d - Hailstorm             Conj/Ice       13%        3d5       43%         4
Your spell library was empty.

Dungeon Overview and Level Annotations

Branches:
Dungeon (1/15)

Altars:


Innate Abilities, Weirdness & Mutations

You are immune to sickness and miasma.
You are immune to poison.
Your flesh is very heat resistant. (rF++)
You are vulnerable to cold. (rC-)
You float through the air rather than walking.
You learn spells naturally, not from books.
Your magical power is your life essence.
You have superior vitality. (+4 MHP)


Message History

You can't see any susceptible monsters within range! (Use Z to cast anyway.) Unknown command.
You see here a frilled lizard corpse.
A jackal is nearby!
A jackal is nearby!
Unknown command.
There is a stone staircase leading down here.
A dart slug comes into view.
A ball python comes into view.
You see here a scroll labelled ZULERESOIM.
b - a scroll labelled ZULERESOIM The ball python hisses angrily.
The dart slug launches a dart at you. The slug dart misses you.
You reach down and open the door.
Found a chain mail.
Found a fizzy white potion.
There is an open door here.
You reach down and close the door.
Unknown command.
You reach down and open the door.
You closely miss the ball python. The ball python barely misses you. x2
You hit the ball python but do no damage.
The ball python barely misses you. The ball python grabs you.
The ball python constricts you.
A jackal comes into view.
The ball python bites you. The ball python constricts you.
You freeze the ball python!
You kill the ball python!
The jackal barks!
You hear a bark!
You can't see any susceptible monsters within range! (Use Z to cast anyway.) Unknown command.
Found 18 stones.
The jackal bites you but does no damage.
You reach down and open the door.
The jackal bites you. The dart slug launches a dart at you.
The slug dart hits you.
* * * LOW HITPOINT WARNING * * *
The jackal bites you.
You die...

...####.####...##.###.##..##
#.# ##.....# #.# .# #.#
##..### #.# + #.# .... ##w##
... #..##. ##...## ... #. #.
##.....#.( .....
#.##..........
....##.#.........##
.......@hh.......+
.....###...[.....# .#.
##.....!.... ##.........
##...#..## #+##..≈


You could see a dart slug and 2 jackals.

Vanquished Creatures
  A ball python (D:1)
  A frilled lizard (D:1)
2 creatures vanquished.

Notes
Turn   | Place    | Note
-------+----------+-------------------------------------------
     0 | D:1      | Zonian the Djinni Ice Elementalist began the quest for the
                  | Orb.
     0 | D:1      | Reached XP level 1. HP: 15/15 MP: 0/0
    54 | D:1      | Slain by a jackal

Illustrated notes

Levels and vault maps discovered:
D:1:      roderic_crossed_star, layout_loops_corners,
          kennysheep_decorative_pillar, minivault_4, minmay_box_of_dots

Action                   || total
-------------------------++-------
Melee: Unarmed           ||     3
 Cast: Freeze            ||     2
Armor: Robe              ||     1
Dodge: Dodged            ||     5

Table legend: (Time is in decaauts)
 A = Elapsed time spent in this place.
 B = Non-inter-level travel time spent in this place.
 C = Inter-level travel time spent in this place.
 D = Time resting spent in this place.
 E = Time spent auto-exploring this place.
 F = Levels seen in this place.
 G = Mean time per level.
                   A        B        C        D        E       F      G
               +--------+--------+--------+--------+--------+-----+--------+
         Total |     54 |     54 |      0 |      0 |     19 |   1 |   54.0 |
       Dungeon |     54 |     54 |      0 |      0 |     19 |   1 |   54.0 |
               +--------+--------+--------+--------+--------+-----+--------+

Top non-repeatable levels by time:
     D:1: 54 daAuts
